[ AOE2 MATCH · #460977458 ]
Team RMJapanese vs Huns
[ REPLAY ANALYSIS · EXTRACTED FROM THE RECORDED GAME ]
Feudal
11:46
Castle
20:06
Imperial
29:36
| APM avg | 25.0 |
| APM peak | 44 |
| eAPM avg | 15.9 |
| Villagers / military | 107 / 277 |
Focus
⚔️ 27.1% · 🌾 72.9%
Spearman ×197 · Samurai ×63 · Fishing Ship ×15 · Demolition Raft ×8 · Monk ×6 · Trebuchet (Packed) ×3
Feudal
13:40
Castle
21:51
Imperial
—
| APM avg | 15.6 |
| APM peak | 49 |
| eAPM avg | 11.2 |
| Villagers / military | 113 / 87 |
Focus
⚔️ 26.3% · 🌾 73.7%
Archer ×49 · Militia ×38
Feudal
13:28
Castle
18:05
Imperial
30:04
| APM avg | 25.3 |
| APM peak | 68 |
| eAPM avg | 17.2 |
| Villagers / military | 170 / 179 |
Focus
⚔️ 25.1% · 🌾 74.9%
Berserk ×94 · Spearman ×82 · Trebuchet (Packed) ×3
Feudal
11:38
Castle
16:15
Imperial
31:57
| APM avg | 19.0 |
| APM peak | 42 |
| eAPM avg | 14.0 |
| Villagers / military | 121 / 4 |
Focus
⚔️ 23.2% · 🌾 76.8%
Unknown (2550) ×203 · Trade Cart ×20 · Trebuchet (Packed) ×4
Feudal
11:50
Castle
16:35
Imperial
36:42
| APM avg | 25.3 |
| APM peak | 51 |
| eAPM avg | 15.8 |
| Villagers / military | 151 / 81 |
Focus
⚔️ 36.5% · 🌾 63.5%
Camel Scout ×35 · Camel Archer ×19 · Knight ×15 · Trebuchet (Packed) ×7 · Scout Cavalry ×3 · Militia ×2
Feudal
12:19
Castle
19:02
Imperial
30:20
| APM avg | 25.2 |
| APM peak | 55 |
| eAPM avg | 19.6 |
| Villagers / military | 129 / 115 |
Focus
⚔️ 24.6% · 🌾 75.4%
War Elephant ×105 · Fishing Ship ×29 · Trade Cart ×15 · Bombard Cannon ×8 · Monk ×2
Feudal
13:54
Castle
20:01
Imperial
38:42
| APM avg | 38.9 |
| APM peak | 81 |
| eAPM avg | 20.0 |
| Villagers / military | 146 / 26 |
Focus
⚔️ 35.1% · 🌾 64.9%
Unknown (2550) ×42 · Archer ×7 · Petard ×7 · Monk ×5 · Genitour ×5 · Trade Cart ×2
Feudal
14:53
Castle
18:33
Imperial
40:02
| APM avg | 26.5 |
| APM peak | 62 |
| eAPM avg | 17.8 |
| Villagers / military | 200 / 148 |
Focus
⚔️ 26.8% · 🌾 73.2%
Tarkan ×59 · Spearman ×48 · Knight ×31 · Trade Cart ×20 · Scout Cavalry ×9 · Monk ×1
Match map
Initial resources + every placement click. Lines = walls · curves = elevation contours. ◆ gold · ⬟ stone · ● berries · ✦ relic · ◌ wall gap
Your base· ✓ Closed at 20:06 · 41t walls · no gate
✚ Quentin [BOT]'s base· ✓ Closed at 21:51 · 12t walls · no gate
Henry_V's base· ✓ Closed at 18:05 · 45t walls · no gate
maickel95's base· ✓ Closed at 16:15 · 24t walls · no gate
Komo Kazada's base· ✓ Closed at 16:35 · 0t walls · no gate
长相犯罪's base· ✓ Closed at 19:02 · 29t walls · no gate
Esplendido's base· ✓ Closed at 20:01 · 12t walls · no gate
Vtinglove's base· ✓ Closed at 18:33 · 2t walls · 4 gate(s)
Smoothed initial terrain · ◌ = detected wall gap · hover for details
Inputs per minute
— REMENDAR - - ✚ Quentin [BOT]
Build order — REMENDAR
First 150 of 309 actions detected
| 0:03 | Create | Villager (Male) |
| 0:04 | Create | Villager (Male) |
| 0:07 | Build | House |
| 0:09 | Build | House |
| 0:58 | Create | Villager (Male) ×2 |
| 1:47 | Research | Loom |
| 1:49 | Create | Villager (Male) |
| 2:15 | Create | Villager (Male) |
| 2:47 | Build | House |
| 2:57 | Create | Villager (Male) |
| 3:14 | Create | Villager (Male) |
| 3:21 | Build | House |
| 3:26 | Build | Palisade Wall |
| 3:33 | Build | House |
| 3:46 | Build | Palisade Wall |
| 3:59 | Create | Villager (Male) |
| 4:23 | Create | Villager (Male) |
| 4:33 | Create | Villager (Male) |
| 5:09 | Build | Lumber Camp |
| 5:35 | Create | Villager (Male) |
| 5:36 | Create | Villager (Male) |
| 5:56 | Build | Mill |
| 6:14 | Build | Palisade Wall |
| 6:17 | Build | Palisade Wall |
| 6:23 | Create | Villager (Male) |
| 6:33 | Build | Palisade Wall |
| 7:04 | Create | Villager (Male) |
| 7:04 | Create | Villager (Male) |
| 7:05 | Create | Villager (Male) |
| 7:13 | Build | Palisade Wall |
| 7:22 | Create | Villager (Male) |
| 7:56 | Create | Villager (Male) |
| 8:11 | Build | Dock |
| 8:14 | Create | Villager (Male) |
| 8:24 | Build | Lumber Camp |
| 9:13 | Build | Mining Camp |
| 9:36 | Research | Feudal Age |
| 9:44 | Create | Fishing Ship |
| 9:55 | Build | House |
| 10:18 | Create | Fishing Ship |
| 10:23 | Build | House |
| 10:25 | Create | Villager (Male) |
| 10:31 | Create | Fishing Ship |
| 11:23 | Build | Mill |
| 11:29 | Create | Villager (Male) |
| 11:29 | Create | Villager (Male) |
| 11:35 | Create | Fishing Ship |
| 11:46 | Age | Feudal Age |
| 11:51 | Research | Double-Bit Axe |
| 12:44 | Create | Villager (Male) |
| 12:50 | Create | Demolition Raft |
| 12:51 | Research | Horse Collar |
| 13:20 | Research | Tech 906 |
| 13:26 | Create | Villager (Male) |
| 13:29 | Create | Demolition Raft |
| 13:31 | Create | Demolition Raft |
| 13:36 | Create | Fishing Ship |
| 13:39 | Create | Fishing Ship |
| 13:46 | Create | Villager (Male) |
| 14:02 | Create | Villager (Male) |
| 14:17 | Create | Villager (Male) |
| 14:19 | Build | Farm |
| 14:24 | Build | House |
| 14:26 | Build | House |
| 14:33 | Build | Blacksmith |
| 14:37 | Build | Market |
| 15:02 | Build | Fish Trap |
| 15:12 | Create | Demolition Raft |
| 15:16 | Create | Fishing Ship |
| 15:22 | Create | Villager (Male) |
| 15:23 | Create | Villager (Male) |
| 15:52 | Build | Fish Trap |
| 16:04 | Build | Fish Trap |
| 16:12 | Build | Fish Trap |
| 16:18 | Create | Villager (Male) |
| 16:23 | Build | Farm |
| 16:26 | Build | Farm |
| 16:28 | Create | Villager (Male) |
| 16:34 | Build | House |
| 17:11 | Build | Stone Wall |
| 17:13 | Build | Stone Wall |
| 17:16 | Build | Stone Wall |
| 17:26 | Research | Castle Age |
| 17:30 | Build | Mining Camp |
| 17:44 | Build | Farm |
| 17:48 | Build | Farm |
| 17:57 | Build | Fish Trap |
| 18:03 | Build | Fish Trap |
| 18:11 | Build | Fish Trap |
| 18:17 | Build | Dock |
| 18:20 | Create | Demolition Raft |
| 18:24 | Create | Fishing Ship |
| 18:37 | Research | Stone Mining |
| 19:22 | Build | Fish Trap |
| 19:24 | Build | Farm |
| 19:30 | Build | Farm |
| 19:41 | Build | House |
| 19:42 | Build | House |
| 19:44 | Create | Demolition Raft |
| 19:50 | Create | Fishing Ship |
| 19:56 | Create | Fishing Ship |
| 20:06 | Age | Castle Age |
| 20:08 | Create | Villager (Male) ×5 |
| 20:20 | Build | Monastery |
| 20:25 | Build | House |
| 20:25 | Build | House |
| 20:43 | Build | Fish Trap |
| 20:52 | Create | Villager (Male) |
| 21:01 | Build | Fish Trap |
| 21:11 | Create | Monk |
| 21:22 | Build | Town Center |
| 21:31 | Create | Demolition Raft |
| 21:36 | Research | Gillnets |
| 21:47 | Build | House |
| 22:02 | Research | Gold Mining |
| 22:17 | Create | Villager (Male) |
| 22:23 | Build | Mining Camp |
| 22:33 | Create | Demolition Raft |
| 22:36 | Create | Fishing Ship |
| 22:36 | Create | Fishing Ship |
| 22:40 | Create | Villager (Male) |
| 22:55 | Build | Farm |
| 23:10 | Build | Farm |
| 23:22 | Build | Fish Trap |
| 23:27 | Create | Fishing Ship |
| 23:43 | Build | Castle |
| 23:45 | Research | Fletching |
| 23:49 | Build | Farm |
| 23:51 | Create | Villager (Male) ×5 |
| 23:55 | Research | Wheelbarrow |
| 24:00 | Build | Town Center |
| 24:14 | Build | Fish Trap |
| 24:20 | Research | Town Watch |
| 24:21 | Create | Villager (Male) ×5 |
| 24:29 | Build | Mining Camp |
| 24:37 | Build | Mining Camp |
| 24:46 | Create | Villager (Male) ×5 |
| 25:00 | Build | Fish Trap |
| 25:29 | Create | Villager (Male) ×5 |
| 26:04 | Build | Barracks |
| 26:26 | Research | Imperial Age |
| 26:27 | Research | Hand Cart |
| 26:44 | Build | Mining Camp |
| 26:49 | Create | Monk |
| 27:00 | Research | Forging |
| 27:01 | Research | Scale Mail Armor |
| 27:18 | Create | Villager (Male) ×5 |
| 27:21 | Build | Mining Camp |
| 27:52 | Research | Town Patrol |
| 27:55 | Create | Villager (Male) ×5 |
Build order — ✚ Quentin [BOT]
First 150 of 226 actions detected
| 0:01 | Create | Villager (Male) ×3 |
| 0:04 | Build | House |
| 0:07 | Build | House |
| 0:11 | Research | Loom |
| 0:11 | Create | Villager (Male) |
| 0:11 | Create | Villager (Male) |
| 1:19 | Create | Villager (Male) |
| 2:13 | Create | Villager (Male) |
| 2:23 | Build | Palisade Wall |
| 2:36 | Build | Palisade Wall |
| 3:07 | Create | Villager (Male) ×2 |
| 3:34 | Build | House |
| 3:35 | Build | House |
| 4:10 | Create | Villager (Male) |
| 4:37 | Create | Villager (Male) ×2 |
| 5:13 | Build | House |
| 5:14 | Build | House |
| 5:25 | Build | Palisade Wall |
| 5:26 | Build | Palisade Wall |
| 5:30 | Create | Villager (Male) |
| 6:05 | Create | Villager (Male) |
| 6:05 | Create | Villager (Male) |
| 6:06 | Create | Villager (Male) |
| 6:06 | Create | Villager (Male) |
| 6:07 | Create | Villager (Male) |
| 7:42 | Create | Villager (Male) ×5 |
| 8:48 | Create | Villager (Male) ×5 |
| 9:11 | Build | Mill |
| 10:18 | Build | Mining Camp |
| 10:28 | Build | Lumber Camp |
| 11:13 | Research | Feudal Age |
| 11:30 | Build | Mining Camp |
| 11:58 | Build | Barracks |
| 12:55 | Create | Villager (Male) ×5 |
| 13:01 | Create | Militia |
| 13:01 | Create | Militia |
| 13:01 | Create | Militia |
| 13:15 | Build | Farm |
| 13:33 | Build | Farm |
| 13:36 | Build | Farm |
| 13:40 | Age | Feudal Age |
| 13:47 | Build | Farm |
| 13:50 | Research | Man-at-Arms (upgrade) |
| 13:55 | Create | Militia |
| 13:55 | Create | Militia |
| 14:10 | Build | Blacksmith |
| 14:33 | Build | Market |
| 15:13 | Create | Militia |
| 15:19 | Create | Villager (Male) |
| 15:24 | Build | Farm |
| 15:25 | Build | Farm |
| 15:27 | Build | Farm |
| 15:29 | Build | Farm |
| 15:31 | Build | Farm |
| 15:33 | Build | Farm |
| 15:36 | Create | Militia |
| 15:52 | Create | Villager (Male) |
| 15:53 | Create | Villager (Male) |
| 16:01 | Build | Farm |
| 16:03 | Build | Farm |
| 16:19 | Create | Militia |
| 16:38 | Build | House |
| 16:41 | Build | House |
| 16:50 | Build | House |
| 17:02 | Build | Farm |
| 17:08 | Build | Farm |
| 18:00 | Create | Villager (Male) |
| 18:01 | Create | Villager (Male) |
| 18:01 | Create | Villager (Male) |
| 18:09 | Build | Farm |
| 18:12 | Build | Farm |
| 18:42 | Build | House |
| 18:45 | Build | House |
| 19:11 | Research | Castle Age |
| 19:27 | Create | Militia |
| 19:27 | Create | Militia |
| 19:27 | Create | Militia |
| 20:00 | Research | Arson |
| 20:05 | Research | Scale Mail Armor |
| 20:16 | Research | Double-Bit Axe |
| 20:50 | Create | Militia |
| 20:50 | Create | Militia |
| 20:52 | Create | Militia |
| 20:52 | Create | Militia |
| 21:03 | Research | Horse Collar |
| 21:24 | Build | Archery Range |
| 21:39 | Build | Archery Range |
| 21:46 | Build | House |
| 21:51 | Age | Castle Age |
| 22:09 | Create | Villager (Male) |
| 22:09 | Create | Villager (Male) |
| 22:12 | Research | Fletching |
| 22:15 | Research | Long Swordsman (upgrade) |
| 22:30 | Create | Archer |
| 22:30 | Create | Archer |
| 22:31 | Create | Archer |
| 22:39 | Build | House |
| 22:41 | Build | House |
| 22:43 | Build | House |
| 22:47 | Build | House |
| 22:48 | Build | House |
| 22:55 | Research | Squires |
| 23:41 | Create | Militia |
| 23:42 | Create | Militia |
| 23:44 | Create | Villager (Male) ×5 |
| 24:37 | Create | Villager (Male) ×5 |
| 24:43 | Create | Archer |
| 24:43 | Create | Archer |
| 24:43 | Create | Archer |
| 25:03 | Build | Town Center |
| 26:10 | Research | Bodkin Arrow |
| 26:18 | Build | Farm |
| 26:20 | Build | Farm |
| 26:30 | Create | Villager (Male) ×4 |
| 26:49 | Create | Archer ×3 |
| 27:31 | Research | Crossbowman (upgrade) |
| 27:31 | Create | Archer ×5 |
| 28:06 | Create | Militia ×2 |
| 29:17 | Create | Villager (Male) ×3 |
| 29:50 | Create | Militia |
| 29:50 | Create | Militia |
| 30:16 | Create | Villager (Male) ×2 |
| 30:44 | Build | House |
| 30:47 | Build | House |
| 30:58 | Create | Villager (Male) ×3 |
| 31:01 | Build | Farm |
| 31:37 | Create | Villager (Male) ×2 |
| 31:46 | Build | Barracks |
| 31:53 | Build | Archery Range |
| 32:03 | Create | Villager (Male) ×2 |
| 32:15 | Build | Farm |
| 32:16 | Build | Farm |
| 32:29 | Build | Farm |
| 32:31 | Build | Farm |
| 32:33 | Build | Farm |
| 32:35 | Build | Farm |
| 32:39 | Build | Farm |
| 32:43 | Create | Villager (Male) ×3 |
| 32:56 | Create | Villager (Male) |
| 33:05 | Build | Blacksmith |
| 33:30 | Create | Militia |
| 33:30 | Create | Militia |
| 33:30 | Create | Militia |
| 33:38 | Build | House |
| 33:38 | Build | House |
| 33:39 | Build | House |
| 33:39 | Build | House |
| 33:41 | Build | House |
| 33:43 | Build | House |
| 33:47 | Build | House |
Build order — Henry_V
First 150 of 351 actions detected
| 0:01 | Create | Villager (Male) |
| 0:02 | Create | Villager (Male) |
| 0:02 | Create | Villager (Male) |
| 0:02 | Create | Villager (Male) |
| 0:02 | Create | Villager (Male) |
| 0:03 | Create | Villager (Male) |
| 0:04 | Build | House |
| 0:06 | Build | House |
| 1:26 | Create | Villager (Male) |
| 1:26 | Create | Villager (Male) |
| 1:26 | Create | Villager (Male) |
| 1:26 | Create | Villager (Male) |
| 1:50 | Build | Lumber Camp |
| 2:06 | Create | Villager (Male) |
| 2:06 | Create | Villager (Male) |
| 2:06 | Create | Villager (Male) |
| 2:06 | Create | Villager (Male) |
| 2:20 | Create | Villager (Male) |
| 2:21 | Create | Villager (Male) |
| 2:21 | Create | Villager (Male) |
| 2:21 | Create | Villager (Male) |
| 2:50 | Create | Villager (Male) |
| 2:51 | Create | Villager (Male) |
| 2:51 | Create | Villager (Male) |
| 2:51 | Create | Villager (Male) |
| 3:33 | Create | Villager (Male) |
| 3:33 | Create | Villager (Male) |
| 3:33 | Create | Villager (Male) |
| 3:33 | Create | Villager (Male) |
| 3:34 | Create | Villager (Male) |
| 4:02 | Create | Villager (Male) |
| 4:02 | Create | Villager (Male) |
| 4:02 | Create | Villager (Male) |
| 4:03 | Create | Villager (Male) |
| 4:35 | Research | Loom |
| 4:44 | Build | House |
| 5:04 | Build | House |
| 5:07 | Build | House |
| 5:09 | Build | House |
| 5:26 | Create | Villager (Male) |
| 5:26 | Create | Villager (Male) |
| 5:27 | Create | Villager (Male) |
| 5:27 | Create | Villager (Male) |
| 5:56 | Create | Villager (Male) |
| 5:56 | Create | Villager (Male) |
| 5:56 | Create | Villager (Male) |
| 5:56 | Create | Villager (Male) |
| 5:56 | Create | Villager (Male) |
| 6:17 | Build | Palisade Wall |
| 6:58 | Build | Palisade Wall |
| 7:09 | Create | Villager (Male) |
| 7:09 | Create | Villager (Male) |
| 7:09 | Create | Villager (Male) |
| 7:10 | Create | Villager (Male) |
| 7:36 | Build | Mill |
| 8:35 | Build | Mill |
| 9:05 | Build | Palisade Wall |
| 9:48 | Create | Villager (Male) |
| 9:49 | Create | Villager (Male) |
| 9:50 | Create | Villager (Male) |
| 10:09 | Create | Villager (Male) |
| 10:19 | Create | Villager (Male) |
| 10:35 | Build | Mining Camp |
| 10:56 | Build | Mining Camp |
| 11:18 | Research | Feudal Age |
| 11:27 | Build | Farm |
| 11:29 | Build | Farm |
| 11:30 | Build | Farm |
| 12:29 | Build | Palisade Wall |
| 12:49 | Create | Villager (Male) |
| 12:49 | Create | Villager (Male) |
| 12:49 | Create | Villager (Male) |
| 13:28 | Age | Feudal Age |
| 13:38 | Build | Blacksmith |
| 13:44 | Build | Market |
| 14:07 | Build | Farm |
| 14:32 | Build | Stone Wall |
| 14:42 | Build | Stone Wall |
| 14:54 | Create | Villager (Male) |
| 15:25 | Research | Castle Age |
| 15:48 | Build | Farm |
| 15:56 | Build | Farm |
| 15:59 | Build | Farm |
| 16:02 | Build | Farm |
| 16:05 | Build | Farm |
| 16:08 | Build | Farm |
| 16:13 | Build | Farm |
| 16:16 | Build | Farm |
| 16:18 | Build | Farm |
| 16:26 | Research | Double-Bit Axe |
| 16:29 | Research | Horse Collar |
| 17:02 | Create | Villager (Male) ×5 |
| 17:26 | Build | House |
| 17:31 | Build | House |
| 17:33 | Build | House |
| 17:41 | Build | House |
| 17:42 | Build | House |
| 18:05 | Age | Castle Age |
| 18:29 | Build | Town Center |
| 18:43 | Create | Villager (Male) ×5 |
| 19:53 | Create | Villager (Male) ×5 |
| 20:20 | Build | Town Center |
| 20:53 | Create | Villager (Male) |
| 20:54 | Create | Villager (Male) |
| 20:54 | Create | Villager (Male) |
| 20:55 | Create | Villager (Male) |
| 20:55 | Create | Villager (Male) |
| 20:55 | Create | Villager (Male) |
| 21:51 | Create | Villager (Male) |
| 21:52 | Create | Villager (Male) |
| 21:52 | Create | Villager (Male) |
| 21:52 | Create | Villager (Male) |
| 21:52 | Create | Villager (Male) |
| 21:52 | Create | Villager (Male) |
| 21:52 | Create | Villager (Male) |
| 21:53 | Create | Villager (Male) |
| 21:53 | Create | Villager (Male) |
| 21:53 | Create | Villager (Male) |
| 21:53 | Create | Villager (Male) |
| 21:53 | Create | Villager (Male) |
| 21:54 | Create | Villager (Male) |
| 21:54 | Create | Villager (Male) |
| 21:54 | Create | Villager (Male) |
| 22:05 | Build | Farm |
| 22:07 | Build | Farm |
| 22:15 | Build | Castle |
| 22:25 | Create | Villager (Male) |
| 22:25 | Create | Villager (Male) |
| 22:26 | Create | Villager (Male) |
| 22:26 | Create | Villager (Male) |
| 22:26 | Create | Villager (Male) |
| 22:26 | Create | Villager (Male) |
| 22:26 | Create | Villager (Male) |
| 22:26 | Create | Villager (Male) |
| 22:38 | Build | Farm |
| 22:39 | Build | Farm |
| 22:41 | Build | Farm |
| 22:43 | Build | Farm |
| 22:46 | Build | Farm |
| 22:47 | Build | Farm |
| 22:54 | Build | Farm |
| 22:57 | Build | Farm |
| 22:58 | Build | Farm |
| 23:01 | Build | Farm |
| 23:23 | Research | Bow Saw |
| 23:27 | Research | Heavy Plow |
| 23:27 | Research | Heavy Plow |
| 23:29 | Create | Villager (Male) |
| 23:30 | Create | Villager (Male) |
| 23:30 | Create | Villager (Male) |
Build order — maickel95
First 150 of 374 actions detected
| 0:07 | Build | House |
| 0:09 | Build | House |
| 0:17 | Research | Loom |
| 0:19 | Create | Villager (Male) ×4 |
| 0:33 | Build | Palisade Wall |
| 0:50 | Build | Palisade Wall |
| 2:23 | Build | Settlement |
| 2:31 | Create | Villager (Male) |
| 2:31 | Create | Villager (Male) |
| 3:03 | Create | Villager (Male) |
| 3:03 | Create | Villager (Male) |
| 3:30 | Create | Villager (Male) |
| 3:55 | Create | Villager (Male) |
| 3:56 | Create | Villager (Male) |
| 4:24 | Create | Villager (Male) |
| 4:24 | Create | Villager (Male) |
| 4:58 | Create | Villager (Male) |
| 4:58 | Create | Villager (Male) |
| 5:21 | Create | Villager (Male) |
| 5:36 | Create | Villager (Male) |
| 5:37 | Create | Villager (Male) |
| 5:52 | Build | Settlement |
| 6:05 | Create | Villager (Male) |
| 6:05 | Create | Villager (Male) |
| 6:06 | Create | Villager (Male) |
| 6:40 | Create | Villager (Male) |
| 7:15 | Create | Villager (Male) |
| 7:34 | Create | Villager (Male) |
| 7:40 | Build | Settlement |
| 7:49 | Build | Settlement |
| 7:57 | Create | Villager (Male) |
| 8:27 | Create | Villager (Male) |
| 9:28 | Research | Feudal Age |
| 10:09 | Create | Villager (Male) |
| 10:09 | Create | Villager (Male) |
| 10:30 | Build | Farm |
| 10:39 | Build | Farm |
| 11:38 | Age | Feudal Age |
| 11:47 | Build | Market |
| 11:51 | Build | House |
| 12:01 | Build | Blacksmith |
| 12:32 | Build | Farm |
| 12:34 | Build | Farm |
| 12:38 | Build | Farm |
| 12:43 | Build | Farm |
| 13:08 | Build | Farm |
| 13:35 | Research | Castle Age |
| 13:51 | Create | Villager (Male) |
| 13:52 | Create | Villager (Male) |
| 13:53 | Create | Villager (Male) |
| 13:53 | Create | Villager (Male) |
| 14:54 | Research | Double-Bit Axe |
| 15:19 | Build | House |
| 15:21 | Build | House |
| 16:15 | Age | Castle Age |
| 16:19 | Build | Town Center |
| 16:28 | Build | Farm |
| 16:29 | Build | Farm |
| 16:32 | Build | Farm |
| 16:35 | Create | Villager (Male) |
| 16:35 | Create | Villager (Male) |
| 17:15 | Research | Bow Saw |
| 17:34 | Create | Villager (Male) |
| 17:39 | Build | Farm |
| 17:41 | Build | Farm |
| 17:48 | Build | Farm |
| 17:57 | Create | Villager (Male) |
| 18:05 | Build | Farm |
| 18:24 | Build | Farm |
| 18:26 | Create | Villager (Male) |
| 18:33 | Build | Farm |
| 18:39 | Create | Villager (Male) |
| 18:51 | Build | House |
| 18:53 | Build | House |
| 18:59 | Create | Villager (Male) |
| 19:02 | Build | Farm |
| 19:06 | Build | Farm |
| 19:11 | Create | Villager (Male) |
| 19:19 | Build | Farm |
| 19:22 | Create | Villager (Male) |
| 19:46 | Build | Farm |
| 19:53 | Create | Villager (Male) |
| 19:53 | Create | Villager (Male) |
| 20:05 | Build | Settlement |
| 20:14 | Create | Villager (Male) |
| 20:15 | Create | Villager (Male) |
| 20:52 | Create | Villager (Male) |
| 20:52 | Create | Villager (Male) |
| 20:53 | Create | Villager (Male) |
| 20:54 | Create | Villager (Male) |
| 21:15 | Build | House |
| 21:20 | Build | University |
| 21:22 | Build | House |
| 21:30 | Create | Villager (Male) |
| 21:30 | Create | Villager (Male) |
| 22:05 | Create | Villager (Male) |
| 22:05 | Create | Villager (Male) |
| 22:10 | Create | Villager (Male) |
| 22:10 | Create | Villager (Male) |
| 22:19 | Research | Horse Collar |
| 22:23 | Research | Gold Mining |
| 22:26 | Create | Villager (Male) |
| 22:26 | Create | Villager (Male) |
| 22:46 | Build | Town Center |
| 23:00 | Create | Villager (Male) |
| 23:00 | Create | Villager (Male) |
| 23:27 | Create | Villager (Male) |
| 23:27 | Create | Villager (Male) |
| 23:33 | Build | Farm |
| 23:38 | Build | Farm |
| 23:43 | Create | Villager (Male) |
| 23:44 | Create | Villager (Male) |
| 23:59 | Create | Villager (Male) |
| 23:59 | Create | Villager (Male) |
| 24:10 | Research | Heavy Plow |
| 24:14 | Research | Stone Mining |
| 24:19 | Research | Gold Shaft Mining |
| 24:21 | Create | Villager (Male) |
| 24:30 | Create | Villager (Male) |
| 24:30 | Create | Villager (Male) |
| 24:30 | Create | Villager (Male) |
| 24:35 | Build | Farm |
| 24:36 | Build | Farm |
| 24:37 | Build | Farm |
| 24:38 | Build | Farm |
| 24:40 | Build | Farm |
| 24:40 | Build | Farm |
| 24:41 | Build | Farm |
| 24:53 | Build | Farm |
| 24:56 | Build | Farm |
| 25:02 | Create | Villager (Male) |
| 25:04 | Create | Villager (Male) |
| 25:04 | Create | Villager (Male) |
| 25:25 | Research | Stone Shaft Mining |
| 25:28 | Create | Villager (Male) |
| 25:28 | Create | Villager (Male) |
| 25:29 | Create | Villager (Male) |
| 25:46 | Build | Castle |
| 25:59 | Build | Barracks |
| 26:07 | Create | Villager (Male) |
| 26:07 | Create | Villager (Male) |
| 26:07 | Create | Villager (Male) |
| 26:09 | Create | Villager (Male) |
| 26:22 | Create | Villager (Male) |
| 26:23 | Create | Villager (Male) |
| 26:29 | Build | Farm |
| 26:33 | Build | Farm |
| 26:36 | Build | Farm |
| 26:40 | Create | Villager (Male) |
| 26:40 | Create | Villager (Male) |
Build order — Komo Kazada
First 150 of 316 actions detected
| 0:01 | Create | Villager (Male) |
| 0:01 | Create | Villager (Male) |
| 0:01 | Create | Villager (Male) |
| 0:02 | Build | House |
| 0:04 | Build | House |
| 0:05 | Create | Villager (Male) |
| 0:05 | Create | Villager (Male) |
| 1:33 | Create | Villager (Male) |
| 1:45 | Build | Lumber Camp |
| 2:07 | Create | Villager (Male) |
| 2:23 | Create | Villager (Male) |
| 2:46 | Create | Villager (Male) |
| 3:02 | Create | Villager (Male) |
| 3:40 | Create | Villager (Male) |
| 3:47 | Create | Villager (Male) |
| 3:50 | Build | House |
| 4:31 | Create | Villager (Male) |
| 4:55 | Build | Barracks |
| 4:58 | Create | Villager (Male) |
| 5:51 | Create | Villager (Male) |
| 5:51 | Create | Villager (Male) |
| 5:52 | Create | Villager (Male) |
| 5:52 | Create | Villager (Male) |
| 6:17 | Research | Loom |
| 6:48 | Build | House |
| 7:10 | Create | Villager (Male) ×4 |
| 7:12 | Create | Villager (Male) |
| 7:44 | Build | Mill |
| 8:02 | Create | Villager (Male) |
| 8:32 | Create | Villager (Male) |
| 8:55 | Build | Mining Camp |
| 8:59 | Build | Mining Camp |
| 9:33 | Research | Feudal Age |
| 9:57 | Create | Militia |
| 9:57 | Create | Militia |
| 10:09 | Build | House |
| 11:04 | Create | Villager (Male) |
| 11:50 | Age | Feudal Age |
| 11:57 | Build | Stable |
| 12:15 | Create | Villager (Male) |
| 12:25 | Build | Blacksmith |
| 12:28 | Build | Farm |
| 12:29 | Build | Farm |
| 12:32 | Create | Scout Cavalry |
| 12:32 | Create | Scout Cavalry |
| 12:49 | Create | Villager (Male) |
| 12:54 | Build | House |
| 13:07 | Build | Farm |
| 13:08 | Build | Farm |
| 13:13 | Build | Farm |
| 13:13 | Build | Farm |
| 13:13 | Build | Farm |
| 13:13 | Build | Farm |
| 13:28 | Create | Scout Cavalry |
| 13:50 | Research | Bloodlines |
| 13:55 | Research | Castle Age |
| 14:29 | Research | Arson |
| 14:47 | Create | Villager (Male) |
| 15:03 | Build | Farm |
| 15:04 | Build | Farm |
| 15:04 | Build | Farm |
| 15:04 | Build | Farm |
| 15:04 | Build | Farm |
| 15:21 | Research | Double-Bit Axe |
| 15:33 | Research | Horse Collar |
| 16:31 | Create | Villager (Male) |
| 16:32 | Create | Villager (Male) |
| 16:35 | Age | Castle Age |
| 16:57 | Create | Villager (Male) |
| 17:13 | Build | Town Center |
| 17:44 | Research | Bloodlines |
| 17:55 | Build | House |
| 17:56 | Build | House |
| 17:56 | Build | House |
| 18:19 | Create | Villager (Male) |
| 18:25 | Build | Farm |
| 18:26 | Build | Farm |
| 18:36 | Create | Villager (Male) |
| 18:36 | Create | Villager (Male) |
| 18:49 | Create | Villager (Male) |
| 19:20 | Create | Villager (Male) |
| 19:23 | Create | Villager (Male) |
| 19:28 | Build | Town Center |
| 19:30 | Create | Villager (Male) |
| 19:36 | Build | Market |
| 19:43 | Create | Knight |
| 19:44 | Create | Knight |
| 19:45 | Create | Knight |
| 19:55 | Research | Husbandry |
| 19:59 | Research | Scale Barding Armor |
| 20:00 | Research | Forging |
| 20:17 | Create | Villager (Male) |
| 20:24 | Build | Farm |
| 20:24 | Build | Farm |
| 20:24 | Build | Farm |
| 20:24 | Build | Farm |
| 20:25 | Build | Farm |
| 20:25 | Build | Farm |
| 20:25 | Build | Farm |
| 20:25 | Build | Farm |
| 20:29 | Create | Villager (Male) |
| 20:29 | Create | Villager (Male) |
| 20:48 | Create | Villager (Male) |
| 20:58 | Create | Villager (Male) |
| 20:58 | Create | Villager (Male) |
| 21:21 | Create | Villager (Male) |
| 21:49 | Create | Villager (Male) |
| 21:49 | Create | Villager (Male) |
| 22:02 | Create | Knight |
| 22:02 | Create | Knight |
| 22:03 | Create | Villager (Male) |
| 22:03 | Create | Villager (Male) |
| 22:04 | Create | Villager (Male) |
| 22:13 | Create | Villager (Male) |
| 22:17 | Build | Farm |
| 22:17 | Build | Farm |
| 22:17 | Build | Farm |
| 22:18 | Build | Farm |
| 22:18 | Build | Farm |
| 22:18 | Build | Farm |
| 22:18 | Build | Farm |
| 22:18 | Build | Farm |
| 22:19 | Build | Farm |
| 22:19 | Build | Farm |
| 22:19 | Build | Farm |
| 22:19 | Build | Farm |
| 22:27 | Create | Villager (Male) |
| 22:34 | Create | Knight |
| 22:42 | Create | Villager (Male) |
| 22:44 | Build | House |
| 22:45 | Build | House |
| 22:45 | Build | House |
| 22:45 | Build | House |
| 22:46 | Build | House |
| 23:25 | Create | Villager (Male) ×5 |
| 23:34 | Build | Town Center |
| 23:35 | Create | Knight |
| 23:35 | Create | Knight |
| 24:07 | Create | Villager (Male) |
| 24:08 | Create | Villager (Male) |
| 24:08 | Create | Villager (Male) |
| 24:08 | Create | Villager (Male) |
| 24:12 | Create | Villager (Male) |
| 24:24 | Create | Villager (Male) |
| 24:29 | Create | Villager (Male) |
| 24:37 | Research | Wheelbarrow |
| 24:45 | Create | Villager (Male) |
| 24:45 | Create | Villager (Male) |
| 24:51 | Create | Villager (Male) |
| 25:00 | Create | Villager (Male) |
Build order — 长相犯罪
First 150 of 488 actions detected
| 0:02 | Build | House |
| 0:03 | Create | Villager (Male) |
| 0:03 | Create | Villager (Male) |
| 0:04 | Build | House |
| 0:32 | Create | Villager (Male) |
| 0:33 | Create | Villager (Male) |
| 0:33 | Create | Villager (Male) |
| 0:33 | Create | Villager (Male) |
| 0:34 | Research | Loom |
| 1:33 | Create | Villager (Male) |
| 1:47 | Build | House |
| 2:08 | Create | Villager (Male) |
| 2:41 | Build | Lumber Camp |
| 3:10 | Create | Villager (Male) |
| 3:23 | Create | Villager (Male) |
| 3:33 | Build | House |
| 3:34 | Build | House |
| 3:39 | Create | Villager (Male) |
| 3:40 | Create | Villager (Male) |
| 4:05 | Build | Palisade Wall |
| 4:09 | Create | Villager (Male) |
| 4:34 | Create | Villager (Male) |
| 5:04 | Create | Villager (Male) |
| 5:21 | Create | Villager (Male) |
| 5:22 | Create | Villager (Male) |
| 5:29 | Build | Dock |
| 5:33 | Create | Villager (Male) |
| 6:00 | Create | Villager (Male) |
| 6:44 | Build | Palisade Wall |
| 7:21 | Create | Villager (Male) |
| 7:24 | Create | Fishing Ship |
| 7:26 | Build | House |
| 7:27 | Build | House |
| 7:37 | Create | Villager (Male) |
| 7:44 | Create | Fishing Ship |
| 8:12 | Create | Villager (Male) |
| 8:27 | Build | Lumber Camp |
| 8:30 | Create | Villager (Male) |
| 8:45 | Create | Fishing Ship |
| 9:26 | Create | Villager (Male) |
| 9:29 | Create | Fishing Ship |
| 9:44 | Build | Mining Camp |
| 9:51 | Create | Villager (Male) |
| 10:00 | Create | Fishing Ship |
| 10:15 | Research | Feudal Age |
| 10:24 | Build | Mill |
| 10:36 | Build | House |
| 10:37 | Build | House |
| 10:38 | Build | House |
| 10:38 | Build | House |
| 10:43 | Build | House |
| 12:07 | Create | Villager (Male) |
| 12:07 | Create | Villager (Male) |
| 12:19 | Age | Feudal Age |
| 12:31 | Build | Blacksmith |
| 12:36 | Build | Market |
| 12:47 | Build | Fish Trap |
| 12:54 | Create | Villager (Male) |
| 12:57 | Build | Fish Trap |
| 13:01 | Create | Fishing Ship |
| 13:05 | Build | Fish Trap |
| 13:10 | Build | Fish Trap |
| 13:12 | Create | Fishing Ship |
| 13:14 | Create | Villager (Male) |
| 13:46 | Build | Fish Trap |
| 13:47 | Create | Fishing Ship |
| 13:49 | Create | Villager (Male) |
| 14:00 | Build | Mining Camp |
| 14:07 | Create | Villager (Male) |
| 14:16 | Build | Fish Trap |
| 14:20 | Create | Villager (Male) |
| 14:27 | Build | Stone Wall |
| 14:29 | Build | Gate |
| 14:34 | Build | Stone Wall |
| 14:40 | Create | Villager (Male) |
| 15:00 | Build | Fish Trap |
| 15:10 | Create | Fishing Ship |
| 15:14 | Create | Villager (Male) |
| 15:36 | Build | House |
| 15:37 | Build | House |
| 15:38 | Build | House |
| 15:39 | Build | House |
| 15:40 | Build | House |
| 15:40 | Build | House |
| 15:50 | Create | Villager (Male) |
| 15:55 | Create | Fishing Ship |
| 16:05 | Create | Fishing Ship |
| 16:07 | Create | Villager (Male) |
| 16:36 | Research | Castle Age |
| 16:44 | Build | Dock |
| 16:55 | Build | Dock |
| 17:04 | Create | Fishing Ship |
| 17:19 | Build | Fish Trap |
| 17:28 | Research | Double-Bit Axe |
| 17:31 | Research | Horse Collar |
| 17:40 | Research | Stone Mining |
| 17:48 | Build | Fish Trap |
| 17:50 | Create | Fishing Ship |
| 17:56 | Build | Fish Trap |
| 18:15 | Build | Fish Trap |
| 18:18 | Research | Wheelbarrow |
| 18:29 | Build | Fish Trap |
| 18:36 | Create | Fishing Ship |
| 18:37 | Create | Fishing Ship |
| 18:49 | Build | Fish Trap |
| 19:02 | Age | Castle Age |
| 19:03 | Research | Bow Saw |
| 19:37 | Build | Fish Trap |
| 19:39 | Build | Fish Trap |
| 19:46 | Build | Town Center |
| 19:50 | Create | Villager (Male) |
| 19:51 | Create | Villager (Male) |
| 20:13 | Build | Town Center |
| 20:17 | Create | Villager (Male) |
| 20:22 | Create | Fishing Ship |
| 20:34 | Create | Villager (Male) |
| 20:54 | Create | Villager (Male) |
| 20:56 | Create | Villager (Male) |
| 20:58 | Create | Villager (Male) |
| 20:58 | Create | Villager (Male) |
| 21:03 | Build | Fish Trap |
| 21:05 | Create | Fishing Ship |
| 21:08 | Create | Fishing Ship |
| 21:09 | Create | Fishing Ship |
| 21:17 | Create | Villager (Male) |
| 21:18 | Create | Villager (Male) |
| 21:20 | Create | Villager (Male) |
| 21:20 | Create | Villager (Male) |
| 21:39 | Build | Monastery |
| 21:43 | Create | Fishing Ship |
| 21:48 | Build | Fish Trap |
| 21:59 | Build | Fish Trap |
| 22:07 | Build | Fish Trap |
| 22:10 | Create | Villager (Male) |
| 22:10 | Create | Villager (Male) |
| 22:10 | Create | Villager (Male) |
| 22:11 | Create | Villager (Male) |
| 22:11 | Create | Villager (Male) |
| 22:12 | Create | Monk |
| 22:24 | Build | Town Center |
| 22:28 | Create | Villager (Male) |
| 22:28 | Create | Villager (Male) |
| 22:34 | Build | Fish Trap |
| 22:36 | Create | Fishing Ship |
| 22:36 | Create | Fishing Ship |
| 22:38 | Create | Villager (Male) |
| 22:39 | Create | Fishing Ship |
| 22:41 | Create | Villager (Male) |
| 22:45 | Build | Farm |
| 22:50 | Build | Farm |
Build order — Esplendido
First 150 of 264 actions detected
| 0:00 | Create | Villager (Male) ×4 |
| 0:01 | Create | Villager (Male) ×4 |
| 0:02 | Build | House |
| 0:05 | Build | House |
| 0:10 | Research | Loom |
| 0:37 | Create | Villager (Male) ×3 |
| 0:37 | Create | Villager (Male) ×3 |
| 1:49 | Create | Villager (Male) |
| 1:49 | Create | Villager (Male) |
| 2:24 | Build | Barracks |
| 2:25 | Create | Villager (Male) |
| 2:25 | Create | Villager (Male) |
| 2:46 | Create | Villager (Male) |
| 3:28 | Create | Villager (Male) |
| 3:29 | Create | Villager (Male) |
| 3:44 | Build | Barracks |
| 3:51 | Create | Villager (Male) |
| 3:52 | Create | Villager (Male) |
| 4:17 | Create | Villager (Male) |
| 4:17 | Create | Villager (Male) |
| 4:22 | Build | House |
| 4:30 | Create | Villager (Male) |
| 4:30 | Create | Villager (Male) |
| 4:47 | Build | Palisade Wall |
| 4:50 | Build | Palisade Wall |
| 5:05 | Create | Villager (Male) |
| 5:05 | Create | Villager (Male) |
| 5:22 | Create | Villager (Male) |
| 5:23 | Create | Villager (Male) |
| 5:39 | Create | Unit 2550 |
| 5:58 | Create | Villager (Male) |
| 5:58 | Create | Villager (Male) |
| 5:58 | Create | Villager (Male) |
| 5:58 | Create | Villager (Male) |
| 6:02 | Create | Unit 2550 |
| 6:09 | Build | House |
| 6:18 | Create | Villager (Male) |
| 6:40 | Create | Unit 2550 |
| 6:42 | Create | Villager (Male) |
| 7:16 | Create | Villager (Male) |
| 7:25 | Build | Settlement |
| 7:32 | Create | Villager (Male) |
| 7:39 | Build | Palisade Wall |
| 7:46 | Create | Villager (Male) |
| 8:18 | Create | Villager (Male) |
| 8:45 | Create | Villager (Male) |
| 9:35 | Create | Villager (Male) |
| 9:38 | Create | Villager (Male) |
| 10:05 | Create | Villager (Male) |
| 10:10 | Create | Unit 2550 |
| 10:24 | Build | Settlement |
| 10:50 | Create | Villager (Male) |
| 11:00 | Create | Unit 2550 |
| 11:01 | Create | Unit 2550 |
| 11:07 | Create | Villager (Male) |
| 11:18 | Build | Palisade Wall |
| 11:22 | Research | Feudal Age |
| 12:01 | Create | Unit 2550 |
| 12:27 | Create | Unit 2550 |
| 13:22 | Build | Settlement |
| 13:54 | Age | Feudal Age |
| 13:58 | Research | Tech 1402 |
| 13:59 | Create | Villager (Male) |
| 14:03 | Create | Villager (Male) |
| 14:45 | Create | Unit 2550 |
| 14:46 | Create | Villager (Male) |
| 15:00 | Build | Market |
| 15:15 | Create | Villager (Male) |
| 15:18 | Create | Unit 2550 |
| 15:34 | Build | House |
| 15:54 | Create | Villager (Male) |
| 16:14 | Create | Unit 2550 |
| 16:14 | Create | Unit 2550 |
| 16:40 | Create | Unit 2550 |
| 16:53 | Build | Blacksmith |
| 17:21 | Research | Castle Age |
| 17:22 | Research | Castle Age |
| 18:04 | Build | Farm |
| 18:04 | Build | Farm |
| 18:05 | Build | Farm |
| 18:05 | Build | Farm |
| 18:05 | Build | Farm |
| 18:11 | Build | Farm |
| 18:11 | Build | Farm |
| 18:26 | Build | Archery Range |
| 18:41 | Build | Farm |
| 19:19 | Create | Archer |
| 19:20 | Create | Archer |
| 19:25 | Build | House |
| 20:01 | Create | Archer |
| 20:01 | Age | Castle Age |
| 20:18 | Create | Archer |
| 20:22 | Create | Villager (Male) |
| 20:28 | Build | Town Center |
| 20:41 | Create | Petard |
| 20:45 | Research | Fletching |
| 20:46 | Create | Villager (Male) |
| 20:51 | Create | Archer |
| 20:51 | Create | Archer |
| 20:54 | Build | Archery Range |
| 20:59 | Build | House |
| 21:01 | Build | Palisade Wall |
| 21:29 | Build | Monastery |
| 21:43 | Create | Archer |
| 21:54 | Create | Petard |
| 22:05 | Create | Villager (Male) |
| 22:09 | Create | Villager (Male) |
| 22:10 | Create | Villager (Male) |
| 22:21 | Create | Monk |
| 22:21 | Create | Monk |
| 22:33 | Research | Padded Archer Armor |
| 22:47 | Create | Villager (Male) ×2 |
| 23:05 | Create | Petard |
| 23:34 | Create | Petard |
| 23:43 | Create | Petard ×2 |
| 23:59 | Build | House |
| 24:00 | Create | Villager (Male) |
| 24:03 | Create | Villager (Male) ×2 |
| 24:03 | Create | Villager (Male) ×2 |
| 24:03 | Create | Villager (Male) ×2 |
| 24:09 | Build | Farm |
| 24:09 | Build | Farm |
| 24:09 | Build | Farm |
| 24:10 | Build | Farm |
| 24:10 | Build | Farm |
| 24:16 | Research | Double-Bit Axe |
| 24:30 | Research | Crossbowman (upgrade) |
| 25:09 | Build | Siege Workshop |
| 25:12 | Create | Villager (Male) ×2 |
| 25:17 | Build | Town Center |
| 25:20 | Create | Villager (Male) |
| 25:36 | Create | Petard |
| 25:41 | Create | Monk |
| 25:41 | Create | Monk |
| 25:45 | Create | Villager (Male) |
| 25:46 | Create | Villager (Male) |
| 25:51 | Build | Farm |
| 25:51 | Build | Farm |
| 25:51 | Build | Farm |
| 25:51 | Build | Farm |
| 25:52 | Build | Farm |
| 26:00 | Create | Trade Cart ×2 |
| 26:08 | Build | House |
| 26:10 | Build | House |
| 26:15 | Create | Battering Ram |
| 26:18 | Build | House |
| 26:40 | Create | Battering Ram |
| 27:28 | Research | Bodkin Arrow |
| 27:47 | Create | Villager (Male) ×5 |
| 27:51 | Build | House |
Build order — Vtinglove
First 150 of 325 actions detected
| 0:05 | Create | Villager (Male) ×4 |
| 0:05 | Create | Villager (Male) |
| 0:54 | Research | Loom |
| 1:26 | Create | Villager (Male) |
| 1:26 | Create | Villager (Male) |
| 1:42 | Build | Lumber Camp |
| 2:15 | Create | Villager (Male) |
| 2:15 | Create | Villager (Male) |
| 2:35 | Create | Villager (Male) |
| 3:05 | Create | Villager (Male) |
| 3:05 | Create | Villager (Male) |
| 3:05 | Create | Villager (Male) |
| 4:09 | Create | Villager (Male) |
| 4:09 | Create | Villager (Male) |
| 4:12 | Create | Villager (Male) |
| 4:12 | Create | Villager (Male) |
| 4:12 | Create | Villager (Male) |
| 4:50 | Create | Villager (Male) |
| 4:50 | Create | Villager (Male) |
| 5:14 | Create | Villager (Male) |
| 5:14 | Create | Villager (Male) |
| 5:45 | Build | Mill |
| 5:51 | Create | Villager (Male) |
| 5:51 | Create | Villager (Male) |
| 6:22 | Create | Villager (Male) |
| 6:22 | Create | Villager (Male) |
| 6:22 | Create | Villager (Male) |
| 6:45 | Create | Villager (Male) |
| 6:46 | Create | Villager (Male) |
| 7:15 | Create | Villager (Male) |
| 7:26 | Create | Villager (Male) |
| 7:26 | Create | Villager (Male) |
| 8:08 | Create | Villager (Male) |
| 8:08 | Create | Villager (Male) |
| 8:09 | Create | Villager (Male) |
| 8:37 | Create | Villager (Male) |
| 8:37 | Create | Villager (Male) |
| 9:09 | Build | Farm |
| 9:11 | Build | Farm |
| 9:12 | Build | Farm |
| 9:13 | Build | Farm |
| 9:14 | Build | Farm |
| 9:16 | Build | Farm |
| 9:24 | Create | Villager (Male) |
| 9:24 | Create | Villager (Male) |
| 9:25 | Create | Villager (Male) |
| 9:25 | Create | Villager (Male) |
| 9:50 | Create | Villager (Male) |
| 10:43 | Create | Villager (Male) |
| 10:59 | Create | Villager (Male) |
| 11:00 | Create | Villager (Male) |
| 12:22 | Build | Mining Camp |
| 12:26 | Research | Feudal Age |
| 13:47 | Build | Barracks |
| 14:30 | Create | Villager (Male) |
| 14:31 | Create | Villager (Male) |
| 14:53 | Age | Feudal Age |
| 14:56 | Build | Market |
| 15:00 | Build | Blacksmith |
| 15:53 | Research | Castle Age |
| 15:53 | Research | Castle Age |
| 15:56 | Build | Stable |
| 16:41 | Build | Palisade Gate |
| 16:43 | Build | Palisade Gate |
| 16:45 | Build | Palisade Gate |
| 16:47 | Build | Palisade Wall |
| 16:49 | Build | Palisade Wall |
| 17:22 | Research | Horse Collar |
| 17:24 | Research | Double-Bit Axe |
| 17:27 | Create | Scout Cavalry |
| 17:27 | Create | Scout Cavalry |
| 17:30 | Create | Spearman |
| 17:30 | Create | Spearman |
| 17:55 | Build | Palisade Gate |
| 18:33 | Age | Castle Age |
| 18:49 | Create | Villager (Male) ×5 |
| 18:53 | Build | Town Center |
| 18:59 | Build | Town Center |
| 19:08 | Create | Villager (Male) |
| 19:56 | Create | Knight |
| 20:01 | Create | Villager (Male) |
| 20:09 | Create | Villager (Male) |
| 20:10 | Create | Villager (Male) |
| 20:16 | Create | Knight |
| 20:37 | Create | Villager (Male) |
| 20:37 | Create | Villager (Male) |
| 20:40 | Build | Mining Camp |
| 20:47 | Research | Heavy Plow |
| 21:15 | Research | Bow Saw |
| 21:18 | Build | Farm |
| 21:28 | Create | Villager (Male) ×3 |
| 21:29 | Create | Villager (Male) ×3 |
| 21:53 | Create | Knight |
| 22:20 | Create | Villager (Male) |
| 22:20 | Create | Villager (Male) |
| 22:27 | Build | Town Center |
| 22:39 | Build | Stable |
| 22:44 | Create | Villager (Male) |
| 22:45 | Create | Villager (Male) |
| 22:47 | Build | Farm |
| 22:53 | Build | Farm |
| 22:55 | Build | Farm |
| 22:59 | Build | Farm |
| 23:00 | Create | Villager (Male) |
| 23:00 | Create | Villager (Male) ×3 |
| 23:00 | Create | Villager (Male) ×2 |
| 23:12 | Create | Knight |
| 23:22 | Create | Knight |
| 23:52 | Build | Monastery |
| 24:00 | Create | Villager (Male) ×4 |
| 24:01 | Create | Villager (Male) ×4 |
| 24:03 | Build | Farm |
| 24:04 | Build | Farm |
| 24:10 | Build | Farm |
| 24:20 | Build | Farm |
| 24:20 | Build | Farm |
| 24:20 | Build | Farm |
| 24:21 | Build | Farm |
| 24:21 | Build | Farm |
| 24:21 | Build | Farm |
| 24:25 | Create | Villager (Male) |
| 24:25 | Create | Villager (Male) ×2 |
| 24:25 | Create | Villager (Male) |
| 24:31 | Build | Town Center |
| 24:40 | Create | Villager (Male) |
| 24:40 | Create | Villager (Male) |
| 24:45 | Build | Farm |
| 24:46 | Build | Farm |
| 25:09 | Research | Bloodlines |
| 25:09 | Research | Husbandry |
| 25:20 | Build | Stable |
| 25:21 | Create | Monk |
| 25:29 | Research | Husbandry |
| 25:33 | Create | Villager (Male) ×3 |
| 25:37 | Build | Farm |
| 25:39 | Build | Farm |
| 25:42 | Create | Villager (Male) |
| 25:43 | Create | Villager (Male) |
| 25:52 | Create | Villager (Male) |
| 25:52 | Create | Villager (Male) |
| 26:07 | Create | Villager (Male) |
| 26:08 | Create | Villager (Male) ×3 |
| 26:13 | Build | Farm |
| 26:14 | Build | Farm |
| 26:14 | Build | Farm |
| 26:14 | Build | Farm |
| 26:14 | Build | Farm |
| 26:15 | Build | Farm |
| 26:18 | Create | Villager (Male) |
| 26:19 | Create | Villager (Male) |
Match timeline
| 0:33 | maickel95 · wall_segment Palisade Wall x16 |
| 0:50 | maickel95 · wall_segment Palisade Wall x8 |
| 2:23 | ✚ Quentin [BOT] · wall_segment Palisade Wall x1 |
| 2:24 | Esplendido · first_building Barracks |
| 2:36 | ✚ Quentin [BOT] · wall_segment Palisade Wall x9 |
| 3:26 | REMENDAR · wall_segment Palisade Wall x2 |
| 3:46 | REMENDAR · wall_segment Palisade Wall x10 |
| 4:05 | 长相犯罪 · wall_segment Palisade Wall x11 |
| 4:47 | Esplendido · wall_segment Palisade Wall x1 |
| 4:50 | Esplendido · wall_segment Palisade Wall x1 |
| 4:55 | Komo Kazada · first_building Barracks |
| 5:25 | ✚ Quentin [BOT] · wall_segment Palisade Wall x1 |
| 5:26 | ✚ Quentin [BOT] · wall_segment Palisade Wall x1 |
| 5:29 | 长相犯罪 · first_building Dock |
| 6:14 | REMENDAR · wall_segment Palisade Wall x5 |
| 6:17 | Henry_V · wall_segment Palisade Wall x5 |
| 6:17 | REMENDAR · wall_segment Palisade Wall x9 |
| 6:33 | REMENDAR · wall_segment Palisade Wall x1 |
| 6:44 | 长相犯罪 · wall_segment Palisade Wall x9 |
| 6:58 | Henry_V · wall_segment Palisade Wall x9 |
| 7:13 | REMENDAR · wall_segment Palisade Wall x9 |
| 7:39 | Esplendido · wall_segment Palisade Wall x1 |
| 8:11 | REMENDAR · first_building Dock |
| 9:05 | Henry_V · wall_segment Palisade Wall x8 |
| 11:18 | Esplendido · wall_segment Palisade Wall x10 |
| 11:38 | maickel95 · age_up feudal |
| 11:46 | REMENDAR · age_up feudal |
| 11:50 | Komo Kazada · age_up feudal |
| 11:57 | Komo Kazada · first_building Stable |
| 11:58 | ✚ Quentin [BOT] · first_building Barracks |
| 12:19 | 长相犯罪 · age_up feudal |
| 12:29 | Henry_V · wall_segment Palisade Wall x8 |
| 13:28 | Henry_V · age_up feudal |
| 13:40 | ✚ Quentin [BOT] · age_up feudal |
| 13:47 | Vtinglove · first_building Barracks |
| 13:54 | Esplendido · age_up feudal |
| 14:27 | 长相犯罪 · wall_segment Stone Wall x9 |
| 14:32 | Henry_V · wall_segment Stone Wall x6 |
| 14:34 | 长相犯罪 · wall_segment Stone Wall x4 |
| 14:42 | Henry_V · wall_segment Stone Wall x9 |
| 14:53 | Vtinglove · age_up feudal |
| 15:42 | Esplendido · first_market_buy 100 food |
| 15:45 | Esplendido · first_market_sell 100 wood |
| 15:56 | Vtinglove · first_building Stable |
| 16:15 | maickel95 · age_up castle |
| 16:35 | Komo Kazada · age_up castle |
| 16:47 | Vtinglove · wall_segment Palisade Wall x1 |
| 16:49 | Vtinglove · wall_segment Palisade Wall x1 |
| 17:11 | REMENDAR · wall_segment Stone Wall x8 |
| 17:13 | REMENDAR · wall_segment Stone Wall x2 |
| 17:16 | REMENDAR · wall_segment Stone Wall x6 |
| 18:05 | Henry_V · age_up castle |
| 18:12 | Henry_V · first_market_buy 100 wood |
| 18:26 | Esplendido · first_building Archery Range |
| 18:33 | Vtinglove · age_up castle |
| 19:02 | 长相犯罪 · age_up castle |
| 20:01 | Esplendido · age_up castle |
| 20:06 | REMENDAR · age_up castle |
| 20:20 | REMENDAR · first_building Monastery |
| 20:58 | REMENDAR · first_market_buy 100 wood |
| 21:01 | Esplendido · wall_segment Palisade Wall x1 |
| 21:24 | ✚ Quentin [BOT] · first_building Archery Range |
| 21:29 | Esplendido · first_building Monastery |
| 21:39 | 长相犯罪 · first_building Monastery |
| 21:51 | ✚ Quentin [BOT] · age_up castle |
| 22:15 | Henry_V · first_building Castle |
| 22:33 | maickel95 · first_market_buy 100 wood |
| 23:43 | REMENDAR · first_building Castle |
| 23:52 | Vtinglove · first_building Monastery |
| 24:13 | 长相犯罪 · first_building Castle |
| 25:09 | Esplendido · first_building Siege Workshop |
| 25:46 | maickel95 · first_building Castle |
| 25:59 | maickel95 · first_building Barracks |
| 26:04 | REMENDAR · first_building Barracks |
| 26:05 | ✚ Quentin [BOT] · first_market_sell 100 wood |
| 28:47 | Vtinglove · first_building Castle |
| 28:55 | 长相犯罪 · first_building Barracks |
| 29:36 | REMENDAR · age_up imperial |
| 29:38 | 长相犯罪 · first_building Stable |
| 30:04 | Henry_V · age_up imperial |
| 30:20 | 长相犯罪 · age_up imperial |
| 30:25 | Komo Kazada · first_building Castle |
| 31:40 | Vtinglove · wall_segment Stone Wall x13 |
| 31:48 | Henry_V · first_building Barracks |
| 31:57 | maickel95 · age_up imperial |
| 31:58 | Esplendido · wall_segment Palisade Wall x1 |
| 31:59 | Esplendido · wall_segment Palisade Wall x1 |
| 32:48 | REMENDAR · wall_segment Stone Wall x7 |
| 32:49 | REMENDAR · wall_segment Stone Wall x1 |
| 32:51 | REMENDAR · wall_segment Stone Wall x3 |
| 32:53 | REMENDAR · wall_segment Stone Wall x7 |
| 32:56 | Henry_V · wall_segment Stone Wall x3 |
| 33:25 | REMENDAR · first_building Archery Range |
| 33:30 | Komo Kazada · first_market_sell 100 food |
| 34:05 | 长相犯罪 · first_building Siege Workshop |
| 34:09 | Vtinglove · wall_segment Stone Wall x12 |
| 34:44 | Vtinglove · tribute_sent a jugador 1 |
| 34:44 | Vtinglove · tribute_sent a jugador 2 |
| 34:44 | Vtinglove · tribute_sent a jugador 3 |
| 34:44 | Vtinglove · tribute_sent a jugador 4 |
| 34:44 | Vtinglove · tribute_sent a jugador 5 |
| 34:44 | Vtinglove · tribute_sent a jugador 6 |
| 34:44 | Vtinglove · tribute_sent a jugador 7 |
| 36:42 | Komo Kazada · age_up imperial |
| 37:24 | Henry_V · wall_segment Stone Wall x8 |
| 37:26 | Henry_V · wall_segment Stone Wall x4 |
| 38:22 | Komo Kazada · first_building Monastery |
| 38:42 | Esplendido · age_up imperial |
| 40:02 | Vtinglove · age_up imperial |
| 40:03 | 长相犯罪 · first_market_buy 500 wood |
| 40:09 | ✚ Quentin [BOT] · first_building Castle |
| 41:37 | REMENDAR · resign |
[ AI ANALYSIS · 1 CREDIT ]
What really happened in this match?
Wolo.gg analyzes every decision: build order, eco, micro, common mistakes by bracket. Personalized analysis on WhatsApp or Discord in 30 seconds.
Civ guide
Japanese
Map guide
Black Forest
Perfil
REMENDAR